[Event "Team 45 45 League T53"]
[Site "Internet Chess Club"]
[Date "2012.06.08"]
[Round "4"]
[White "Berke"]
[Black "PostMike"]
[Result "1/2-1/2"]
[WhiteElo "1659"]
[BlackElo "1456"]
[Opening "Sicilian: Smith-Morra gambit"]
[ECO "B21"]
[Time "15:00:45"]
[TimeControl "2700+45"]

1. e4 c5 2. d4 cxd4 3. c3 dxc3 4. Nxc3 d6 5. Nf3 Nc6 6. Bc4 e6 7. Bf4 a6 8. Qe2
b5 9. Bb3 Ra7 10. Rc1 Rc7 11. O-O Be7 12. Rfd1 Na5 13. Bc2 Rd7 14. b4 Nc4 15. h3
Bf6 16. e5 Nxe5 17. Nxe5 dxe5 18. Rxd7 Bxd7 19. Bxe5 Bc6 20. Rd1 Qa8 21. Bc7
Bxc3 22. Rd8+ Qxd8 23. Bxd8 Kxd8 24. Qd3+ Bd5 25. a4 Bxb4 26. axb5 Ke7 27. bxa6
Nf6 28. Qb5 Bd6 29. a7 Nd7 30. Bb3 Rc8 31. f3 Bc5+ 32. Kh2 Bxa7 33. Bxd5 Bb8+
34. g3 exd5 35. Qxd5 Rc2+ 36. Kg1 Rc5 37. Qe4+ Re5 38. Qxh7 g6 39. Qh4+ Ke6 40.
Qc4+ Kf6 41. Qc6+ Ke7 42. f4 Re6 43. Qb5 Rf6 44. Qe2+ Re6 45. Qa2 Re3 46. Kg2
Bd6 47. Qa7 Bc5 48. Qb7 f5 49. Qc6 Re6 50. Qc8 Rd6 51. Qg8 Rd2+ 52. Kh1 Rd1+ 53.
Kg2 Rd2+ 54. Kh1 {Game drawn by mutual agreement} 1/2-1/2

[Event "Team 45 45 League T53"]
[Site "Internet Chess Club"]
[Date "2012.06.11"]
[Round "4"]
[White "PT105"]
[Black "Elalfer"]
[Result "0-1"]
[WhiteElo "1232"]
[BlackElo "1371"]
[Opening "Sicilian defense"]
[ECO "B30"]
[Time "13:00:21"]
[TimeControl "2700+45"]

1. e4 c5 2. Nf3 Nc6 3. Nc3 d6 4. Bb5 Nf6 5. d4 cxd4 6. Nxd4 Bd7 7. O-O g6 8. Be3
Bg7 9. Qf3 O-O 10. Nxc6 Bxc6 11. Bxc6 bxc6 12. Bg5 Rb8 13. b3 h6 14. Bh4 Nd7 15.
Rad1 g5 16. Bg3 Qa5 17. Rd3 Nc5 18. Re3 Bd4 19. e5 Bxe3 20. Qxe3 Rbd8 21. Qd4
dxe5 22. Qxe5 f6 23. Qxe7 Qxc3 24. f4 Rfe8 25. Qxa7 Qxc2 26. fxg5 Rd7 27. Qb6
Rd1 28. gxf6 Rxf1+ 29. Kxf1 Qe2+ 30. Kg1 Qe3+ 31. Kf1 Qe2+ 32. Kg1 Qd1+ 33. Kf2
Nd3# {White checkmated} 0-1

[Event "Team 45 45 League T53"]
[Site "Internet Chess Club"]
[Date "2012.06.08"]
[Round "4"]
[White "nosir"]
[Black "mongmong"]
[Result "0-1"]
[WhiteElo "1499"]
[BlackElo "1679"]
[Opening "French: King's Indian attack"]
[ECO "C00"]
[Time "20:00:34"]
[TimeControl "2700+45"]

1. e4 e6 2. d3 d5 3. Nd2 Nf6 4. Ngf3 b6 5. g3 dxe4 6. dxe4 Bb7 7. e5 Nfd7 8. Nc4
Nc6 9. a3 Be7 10. Bf4 g5 11. Be3 g4 12. Nfd2 Ndxe5 13. Bg2 Nxc4 14. Nxc4 Qxd1+
15. Rxd1 Bf6 16. c3 Ke7 17. Ke2 Nd8 18. Rhg1 Bxg2 19. Rxg2 Nc6 20. Nd2 Rad8 21.
Bh6 Rd7 22. h4 gxh3 23. Rh2 Rhd8 24. Rxh3 Ne5 25. Rhh1 Ng4 26. Be3 Nxe3 27. fxe3
Rh8 28. Rhf1 h5 29. Rh1 h4 30. gxh4 Rxh4 31. Rxh4 Bxh4 32. Rh1 Bg3 33. Ne4 Be5
34. Ng5 f6 35. Ne4 Kf8 36. Rh8+ Kg7 37. Rh1 Rf7 38. Rg1+ Kf8 39. Rd1 Ke7 40. a4
Rg7 41. Kd3 f5 42. Nf2 Rg2 43. Rd2 Bg3 44. Nd1 Rxd2+ 45. Kxd2 c5 46. c4 Be5 47.
b3 Kf6 48. Nf2 Kg5 49. Ke2 Bc7 50. Kf3 e5 51. Nh3+ Kh4 52. Nf2 e4+ 53. Kg2 Bg3
54. Nh1 Be1 55. Kf1 Bc3 56. Kg2 Bd2 57. Kf2 Kh3 58. Ke2 Bc1 59. Nf2+ Kg3 60. Nd1
f4 61. exf4 Kxf4 62. Nc3 Ke5 63. Nd5 Kd4 64. Kd1 Bg5 65. Ke2 e3 66. Nc7 Kc3 67.
Nb5+ Kxb3 68. Nxa7 Kxc4 69. Nc6 Kb3 70. a5 bxa5 71. Nxa5+ Kc3 72. Nb7 c4 73. Nd6
Kb3 74. Kd1 c3 75. Ne4 Bh6 76. Nc5+ Kc4 77. Ne4 Kb3 78. Ng3 Kb2 {White resigns}
0-1

[Event "Team 45 45 League T53"]
[Site "Internet Chess Club"]
[Date "2012.06.10"]
[Round "4"]
[White "Conjurer"]
[Black "SirIvanhoe"]
[Result "1/2-1/2"]
[WhiteElo "1487"]
[BlackElo "1516"]
[Opening "English: Caro-Kann defensive system"]
[ECO "A11"]
[Time "13:05:40"]
[TimeControl "2700+45"]

1. c4 c6 2. Nc3 d5 3. g3 Nf6 4. b3 Bf5 5. Bg2 e6 6. d4 Nbd7 7. Nf3 Bb4 8. Bd2
Be7 9. O-O O-O 10. Nh4 Bg6 11. Nxg6 hxg6 12. Qc2 Nb6 13. c5 Nbd7 14. e4 dxe4 15.
Nxe4 Nxe4 16. Bxe4 Nf6 17. Be3 Nxe4 18. Qxe4 Qd5 19. Qxd5 exd5 {Game drawn by
mutual agreement} 1/2-1/2

[Event "Team 45 45 League T53"]
[Site "Internet Chess Club"]
[Date "2012.06.10"]
[Round "4"]
[White "drsigmund1"]
[Black "sockmonkey"]
[Result "1/2-1/2"]
[WhiteElo "1517"]
[BlackElo "1418"]
[Opening "Caro-Kann: Goldman (Spielmann) variation"]
[ECO "B11"]
[Time "08:00:30"]
[TimeControl "2700+45"]

1. e4 c6 2. Nc3 d5 3. Qf3 dxe4 4. Nxe4 Nd7 5. d4 Ngf6 6. Bc4 Nb6 7. Nxf6+ gxf6
8. Qd3 Nxc4 9. Qxc4 Qd5 10. Qxd5 cxd5 11. Ne2 e5 12. Be3 Bf5 13. O-O-O Rc8 14.
Nc3 Bb4 15. dxe5 Bxc3 16. bxc3 Rxc3 17. Rxd5 Rxc2+ 18. Kd1 Rxa2 19. exf6 Bc2+
20. Ke2 Be4+ 21. Rd2 Rxd2+ 22. Kxd2 Bxg2 23. Rc1 Kd7 24. Bxa7 Re8 25. Be3 Re6
26. Bg5 Bf3 27. Re1 Rxe1 28. Kxe1 Ke6 29. Kd2 Kf5 30. h4 Kg6 31. Ke3 Bc6 32. Kd4
h6 33. Bf4 Kxf6 34. Bxh6 Kg6 35. Bf8 {Game drawn by mutual agreement} 1/2-1/2

[Event "Team 45 45 League T53"]
[Site "Internet Chess Club"]
[Date "2012.06.11"]
[Round "4"]
[White "Check101"]
[Black "lawth3"]
[Result "1-0"]
[WhiteElo "1482"]
[BlackElo "1254"]
[Opening "Caro-Kann: Panov-Botvinnik attack, 5...e6"]
[ECO "B14"]
[Time "19:04:07"]
[TimeControl "2700+45"]

1. e4 c6 2. d4 d5 3. exd5 cxd5 4. c4 Nf6 5. Nc3 e6 6. Nf3 Nc6 7. Be2 Be7 8. O-O
O-O 9. h3 b6 10. Bf4 Ba6 11. Qa4 Na5 12. b4 Bxc4 13. bxa5 Ne4 14. Bxc4 Nxc3 15.
Qc2 Bb4 16. Bd3 Bxa5 17. Ne5 g6 18. Nc6 Qc7 19. Bxc7 {Black resigns} 1-0

[Event "Team 45 45 League T53"]
[Site "Internet Chess Club"]
[Date "2012.06.10"]
[Round "4"]
[White "SlimeDog2"]
[Black "whitetiger"]
[Result "1-0"]
[WhiteElo "2168"]
[BlackElo "1824"]
[Opening "English opening"]
[ECO "A05"]
[Time "20:45:39"]
[TimeControl "2700+45"]

1. Nf3 Nf6 2. c4 b6 3. Nc3 Bb7 4. Qc2 d5 5. cxd5 Nxd5 6. e4 Nxc3 7. bxc3 e6 8.
d4 Be7 9. Qa4+ c6 10. Bf4 O-O 11. Rd1 Nd7 12. Be2 b5 13. Qc2 Qa5 14. O-O Rac8
15. Rb1 Ba8 16. Rfd1 a6 17. a4 Nb6 18. axb5 cxb5 19. Rdc1 Nc4 20. Ra1 Na3 21.
Qd3 Rc4 22. Ne5 Ra4 23. Bd1 f6 24. Nf3 e5 25. Bxa4 Qxa4 26. Be3 Bb7 27. Nd2 a5
28. d5 Ra8 29. d6 Bd8 30. Bc5 b4 31. Nc4 Qb5 32. cxb4 axb4 33. Qb3 Nxc4 34. Rxa8
Bxa8 35. Rxc4 Qa5 36. Bxb4 Qa1+ 37. Rc1+ {Black resigns} 1-0

[Event "Team 45 45 League T53"]
[Site "Internet Chess Club"]
[Date "2012.06.10"]
[Round "4"]
[White "JimGrange"]
[Black "katikus"]
[Result "1/2-1/2"]
[WhiteElo "1797"]
[BlackElo "1818"]
[Opening "Catalan: open, 5.Nf3"]
[ECO "E04"]
[Time "06:00:09"]
[TimeControl "2700+45"]

1. d4 d5 2. c4 e6 3. Nf3 Nf6 4. g3 dxc4 5. Bg2 Bb4+ 6. Bd2 a5 7. Qc2 Bxd2+ 8.
Qxd2 c6 9. a4 O-O 10. Na3 Qd5 11. O-O Rd8 12. e3 c5 13. Ne5 Qd6 14. Nexc4 Qe7
15. Nb6 Ra6 16. Nxc8 Rxc8 17. dxc5 Rxc5 18. Rac1 Rd6 19. Qe2 Rd7 20. Rxc5 Qxc5
21. Qc4 Qc7 22. Qxc7 Rxc7 23. Nb5 Rc2 24. Bxb7 Rxb2 25. Rc1 Nbd7 26. Rc8+ Nf8
27. Ra8 Ng4 28. f4 Nxe3 29. Rxa5 Rb1+ 30. Kf2 Ng4+ 31. Kg2 Rb2+ 32. Kh3 h5 33.
Bg2 g6 34. Nd4 Nf2+ 35. Kh4 Ng4 36. Kh3 Nf2+ 37. Kh4 Ng4 38. Kh3 {Game drawn by
repetition} 1/2-1/2

[Event "Team 45 45 League T53"]
[Site "Internet Chess Club"]
[Date "2012.06.09"]
[Round "4"]
[White "plutonas"]
[Black "CzwartyWymiar"]
[Result "1-0"]
[WhiteElo "1619"]
[BlackElo "1743"]
[Opening "Benkö gambit"]
[ECO "A57"]
[Time "14:09:53"]
[TimeControl "2700+45"]

1. d4 Nf6 2. c4 c5 3. d5 b5 4. Nf3 d6 5. Nbd2 g6 6. e4 Bg7 7. Bd3 O-O 8. O-O
bxc4 9. Nxc4 Ba6 10. Re1 Nfd7 11. Bf4 Bxc4 12. Bxc4 Bxb2 13. Rb1 Bg7 14. Bb5 a6
15. Bd3 Nb6 16. Qb3 N8d7 17. a4 a5 18. Bb5 Rb8 19. Bd2 Ra8 20. Rec1 Ne5 21. Nxe5
Bxe5 22. Bc6 Rb8 23. Bxa5 c4 24. Qe3 Nxd5 25. Rxb8 Qxb8 26. Bxd5 Qb2 27. Bc3
Bxc3 28. Qxc3 Qxc3 29. Rxc3 Rb8 30. f4 Rb1+ 31. Kf2 Rb2+ 32. Kf3 {Black resigns}
1-0

[Event "Team 45 45 League T53"]
[Site "Internet Chess Club"]
[Date "2012.06.12"]
[Round "4"]
[White "Whalen"]
[Black "Warpdrive"]
[Result "1-0"]
[WhiteElo "1640"]
[BlackElo "1604"]
[Opening "King's Indian: orthodox, Aronin-Taimanov, 9.Ne1"]
[ECO "E98"]
[Time "15:00:13"]
[TimeControl "2700+45"]

1. Nf3 Nf6 2. c4 g6 3. d4 Bg7 4. Nc3 O-O 5. e4 d6 6. Be2 e5 7. O-O Nc6 8. d5 Ne7
9. Ne1 Ne8 10. Be3 f5 11. f3 f4 12. Bf2 Nf6 13. c5 g5 14. Rc1 a6 15. cxd6 cxd6
16. Na4 Qe8 17. Nb6 Rb8 18. Rc7 Ng6 19. Qc2 g4 20. Nxc8 Rxc8 21. fxg4 Rxc7 22.
Qxc7 Nxe4 23. Nf3 Nxf2 24. Rxf2 e4 25. Ng5 Bd4 26. Qxh7# {Black checkmated} 1-0

[Event "Team 45 45 League T53"]
[Site "Internet Chess Club"]
[Date "2012.06.09"]
[Round "4"]
[White "CaoCao"]
[Black "charles-allen"]
[Result "1/2-1/2"]
[WhiteElo "1882"]
[BlackElo "1882"]
[Opening "KGA: Abbazia defense, modern variation"]
[ECO "C31"]
[Time "21:34:26"]
[TimeControl "2700+45"]

1. e4 e5 2. f4 d5 3. exd5 exf4 4. Nf3 Nf6 5. Bc4 Nxd5 6. Bxd5 Qxd5 7. Nc3 Qe6+
8. Kf2 Qb6+ 9. d4 Bd6 10. Re1+ Be6 11. Nd5 Qb5 12. Nxf4 O-O 13. b3 Nd7 14. c4
Qf5 15. Qd3 Nf6 16. h3 Qxd3 17. Nxd3 Bf5 18. Nf4 c6 19. g4 Bd7 20. Ne5 Rad8 21.
Nfd3 Bc8 22. Bb2 Rfe8 23. Re2 Nd7 24. Rae1 Nxe5 25. Nxe5 f6 26. Nd3 Rxe2+ 27.
Rxe2 Kf7 28. Kf3 b5 29. c5 Bc7 30. Nb4 Bb7 31. Nc2 a5 32. Ne3 Re8 33. Nf5 Rxe2
34. Kxe2 g6 35. Ne3 Ke6 36. Kf3 f5 37. a3 Bd8 38. Kf4 fxg4 39. Nxg4 Bc7+ 40. Kg5
Kf7 41. Kh6 Kg8 42. Nf6+ Kf7 43. Nxh7 Bf4+ 44. Ng5+ Kf6 45. h4 Kf5 46. Bc3 a4
47. bxa4 bxa4 48. Kg7 Bxg5 49. hxg5 Kxg5 50. Kf7 Ba6 51. Ke6 Bc4+ 52. Ke5 Bd5
53. Bd2+ Kg4 54. Kf6 Be4 55. Ke5 Bd5 {Game drawn by mutual agreement} 1/2-1/2

[Event "Team 45 45 League T53"]
[Site "Internet Chess Club"]
[Date "2012.06.10"]
[Round "4"]
[White "Inquisiteur"]
[Black "hewdondada"]
[Result "1-0"]
[WhiteElo "1738"]
[BlackElo "1814"]
[Opening "Scandinavian (center counter) defense"]
[ECO "B01"]
[Time "19:04:55"]
[TimeControl "2700+45"]

1. e4 d5 2. exd5 Qxd5 3. Nc3 Qa5 4. d4 c6 5. Bc4 Nf6 6. Bd2 Qc7 7. Qe2 Bf5 8.
O-O-O e6 9. Nf3 Nbd7 10. Ne5 Bd6 11. g4 Bxe5 12. gxf5 Bf4 13. fxe6 Bxd2+ 14.
Rxd2 fxe6 15. Qxe6+ Kd8 16. d5 Re8 17. Qh3 Qf4 18. dxc6 bxc6 19. Rd1 Kc7 20. Qg3
Qxg3 21. hxg3 Re7 22. a4 Rf8 23. Re2 Rxe2 24. Bxe2 Nb6 25. f4 Re8 26. b3 Nbd5
27. Nxd5+ Nxd5 28. Bd3 h6 29. Kd2 Rd8 30. c4 Nb4 31. Kc3 Na2+ 32. Kd2 Nb4 33.
Ke3 c5 34. Be2 Re8+ 35. Kf2 a5 36. Bf3 Nc2 37. Rd5 Kb6 38. Rd6+ Ka7 39. Rd7+ Kb6
40. Rxg7 Re6 41. Bd5 Rd6 42. Re7 Nd4 43. Re3 Kc7 44. g4 Kd7 45. Kg3 h5 46. f5
hxg4 47. Kxg4 Rf6 48. Be4 Rf8 49. Kg5 Rg8+ 50. Kf6 Rf8+ 51. Kg6 Kd6 52. f6 Ke5
53. f7 Kf4 54. Re1 Kg3 55. Bd5 {Black resigns} 1-0

[Event "Team 45 45 League T53"]
[Site "Internet Chess Club"]
[Date "2012.06.10"]
[Round "4"]
[White "RamRock"]
[Black "ChessicalZ"]
[Result "0-1"]
[WhiteElo "1715"]
[BlackElo "1817"]
[Opening "Alekhine's defense: Maróczy variation"]
[ECO "B02"]
[Time "19:18:53"]
[TimeControl "2700+45"]

1. e4 Nf6 2. d3 e5 3. g3 Nc6 4. Bg2 h6 5. f4 exf4 6. Bxf4 Bc5 7. c3 d6 8. Nf3
Qe7 9. Qe2 Bb6 10. Nbd2 Ne5 11. Nxe5 dxe5 12. Be3 Bxe3 13. Qxe3 Bd7 14. O-O O-O
15. Nc4 Ng4 16. Qe2 Qc5+ 17. Kh1 b5 18. Nd2 Ne3 19. Rf2 Nxg2 20. Kxg2 Rae8 21.
Raf1 a5 22. Nf3 f5 23. exf5 Rxf5 24. Nd2 Rxf2+ 25. Rxf2 Qd5+ 26. Ne4 Qxa2 27.
Qh5 Qd5 28. Qg6 Bc6 29. Kg1 Rf8 30. Rxf8+ Kxf8 31. Qf5+ Ke7 32. Qg4 Qf7 33. Qe2
Bxe4 34. Qxe4 Qe6 35. Qb7 Qb6+ 36. Qxb6 cxb6 37. Kf2 Ke6 38. Ke3 Kd5 39. g4 g5
40. h3 a4 41. Kf3 b4 42. cxb4 Kd4 43. Ke2 e4 44. dxe4 Kxe4 45. Kd2 Kd4 {White
resigns} 0-1

[Event "Team 45 45 League T53"]
[Site "Internet Chess Club"]
[Date "2012.06.07"]
[Round "4"]
[White "BraafPaard"]
[Black "toukon"]
[Result "0-1"]
[WhiteElo "1510"]
[BlackElo "1751"]
[Opening "QGD semi-Slav: Meran, 8...a6"]
[ECO "D48"]
[Time "09:00:33"]
[TimeControl "2700+45"]

1. d4 d5 2. c4 c6 3. Nf3 Nf6 4. Nc3 e6 5. e3 Nbd7 6. Bd3 dxc4 7. Bxc4 b5 8. Bd3
a6 9. O-O c5 10. dxc5 Bxc5 11. Ne4 Be7 12. Nxf6+ Nxf6 13. Qc2 O-O 14. Rd1 Qb6
15. b3 Bb7 16. Bb2 Bxf3 17. gxf3 Rac8 18. Qe2 Nd5 19. Rdc1 Bf6 20. Bxf6 Nxf6 21.
e4 Rfd8 22. a4 bxa4 23. bxa4 a5 24. Rab1 Qd4 25. Bb5 Qe5 26. Qe3 Nh5 27. Ba6 Nf4
28. Rb5 Rxc1+ 29. Qxc1 Ne2+ 30. Kf1 Qxb5 31. Bxb5 Nxc1 {White resigns} 0-1

[Event "Team 45 45 League T53"]
[Site "Internet Chess Club"]
[Date "2012.06.10"]
[Round "4"]
[White "Yosemite-Sam"]
[Black "Greedy-Reedy"]
[Result "1/2-1/2"]
[WhiteElo "1947"]
[BlackElo "2006"]
[Opening "Scandinavian (center counter) defense"]
[ECO "B01"]
[Time "12:02:05"]
[TimeControl "2700+45"]

1. e4 d5 2. exd5 Qxd5 3. Nc3 Qa5 4. d4 Nf6 5. Bd2 c6 6. h3 Bf5 7. Nf3 Nbd7 8.
Bc4 e6 9. a3 Qc7 10. Bb3 Be7 11. Qe2 h6 12. O-O-O O-O-O 13. Rhe1 Rhe8 14. Ne5
Nxe5 15. dxe5 Nd7 16. g4 Bg6 17. f4 Nc5 18. Ba2 Bf8 19. Qf3 Bh7 20. Be3 Rxd1+
21. Rxd1 Rd8 22. Rxd8+ Qxd8 23. f5 Nd7 24. Bf4 exf5 25. gxf5 Bxf5 26. Bxf7 Qe7
27. Bc4 Nxe5 28. Bxe5 Qxe5 29. Bd3 g6 30. h4 Bc5 31. Ne4 Be7 32. h5 Bxe4 33.
Qxe4 Qxe4 34. Bxe4 gxh5 35. Kd2 h4 36. Ke2 Kd7 37. a4 Ke6 38. Kf3 Ke5 39. b3 Kd4
40. Bd3 a6 41. Kf4 b5 42. axb5 cxb5 43. Kf3 Kc5 44. Bf5 Kb4 45. Kg4 a5 46. Kh3
a4 47. bxa4 bxa4 48. Be6 Kc3 49. Kh2 Kxc2 50. Kg2 a3 51. Ba2 Kb2 52. Be6 a2 53.
Bxa2 Kxa2 54. Kh1 Kb2 55. Kg2 Kc2 56. Kh1 Kd3 57. Kg2 Ke4 58. Kh1 Kf3 59. Kg1
Bc5+ 60. Kh1 Kg4 61. Kh2 Kf3 62. Kh1 Kg4 63. Kh2 Bb6 64. Kh1 Bc7 65. Kg2 Bf4 66.
Kh1 h5 67. Kg2 h3+ 68. Kh1 Bg3 69. Kg1 Be5 70. Kh1 Kf3 71. Kg1 h4 72. Kh1 Bd4
73. Kh2 Kg4 74. Kh1 Bf2 75. Kh2 Bg3+ 76. Kh1 Kf3 77. Kg1 Ke2 78. Kh1 Bf2 79. Kh2
Kf1 80. Kh1 Be1 81. Kh2 Kf2 82. Kh1 Kf3 83. Kh2 Bg3+ 84. Kh1 Kg4 85. Kg1 h2+ 86.
Kh1 Bf4 87. Kg2 h3+ 88. Kh1 Be3 89. Kxh2 Bf2 90. Kh1 Be1 91. Kh2 Ba5 92. Kh1 Bb6
93. Kh2 Bc7+ 94. Kh1 Kg3 95. Kg1 h2+ 96. Kh1 Kh4 97. Kg2 Bg3 98. Kh1 Be1 99.
Kxh2 {Game drawn because neither player has mating material} 1/2-1/2

[Event "Team 45 45 League T53"]
[Site "Internet Chess Club"]
[Date "2012.06.11"]
[Round "4"]
[White "achessman"]
[Black "McKnights"]
[Result "1/2-1/2"]
[WhiteElo "1939"]
[BlackElo "1783"]
[Opening "Scandinavian: Marshall variation"]
[ECO "B01"]
[Time "21:32:34"]
[TimeControl "2700+45"]

1. e4 d5 2. exd5 Nf6 3. d4 Nxd5 4. c4 Nf6 5. Nc3 e5 6. dxe5 Qxd1+ 7. Nxd1 Bb4+
8. Ke2 Nfd7 9. f4 O-O 10. Nf3 Re8 11. Kf2 f6 12. Be3 fxe5 13. fxe5 Nc6 14. a3
Bc5 15. b4 Bxe3+ 16. Nxe3 Ncxe5 17. Nd5 Rf8 18. Nxc7 Rb8 19. Be2 Nxf3 20. Bxf3
Ne5 21. Kg3 Nxf3 22. gxf3 Bf5 23. Nd5 Bd3 24. Rac1 Rbe8 25. Rc3 Rxf3+ 26. Kxf3
Be4+ 27. Kf4 Bxh1 28. Re3 Rf8+ 29. Ke5 Rf2 30. h3 Rd2 31. Nc7 Bg2 32. Ne6 Kf7
33. Ng5+ Kg6 34. Rg3 Re2+ 35. Kd6 h6 36. Ne6+ Kf7 37. Nxg7 Bxh3 38. Nh5 Bg2 39.
Nf4 Rd2+ 40. Kc5 Be4 41. Re3 Bf5 42. Nd5 Be6 43. Rf3+ Kg7 44. Nf4 Bd7 45. Rg3+
Kf7 46. Nd5 h5 47. Rg5 Bg4 48. Kd6 Ra2 49. Nf4 Kf6 50. Rb5 h4 51. Rxb7 Rxa3 52.
Rh7 Kg5 53. Ne6+ Bxe6 54. Kxe6 Ra4 55. c5 Rxb4 56. Rxa7 h3 57. Rh7 Rh4 58. Ra7
Rh6+ 59. Kd5 h2 60. Ra1 h1=Q+ {Game drawn by mutual agreement} 1/2-1/2

[Event "Team 45 45 League T53"]
[Site "Internet Chess Club"]
[Date "2012.06.10"]
[Round "4"]
[White "badmove"]
[Black "Nakke"]
[Result "0-1"]
[WhiteElo "1737"]
[BlackElo "1960"]
[Opening "Trompowsky attack (Ruth, Opocenský opening)"]
[ECO "A45"]
[Time "08:30:35"]
[TimeControl "2700+45"]

1. d4 Nf6 2. Bg5 e6 3. e3 h6 4. Bh4 Be7 5. Bxf6 Bxf6 6. g3 O-O 7. Bg2 c5 8. c3
cxd4 9. cxd4 d5 10. Ne2 Qb6 11. Qc2 Bd7 12. O-O Rc8 13. Qd2 Na6 14. Nbc3 Be7 15.
a3 Nc7 16. Rfc1 f5 17. Nf4 g5 18. Nfe2 Ne8 19. f4 g4 20. Rc2 Nd6 21. b3 Qxb3 22.
Rb1 Qc4 23. Rbc1 Qa6 24. Bxd5 exd5 25. Nxd5 Bd8 26. Nc7 Bxc7 27. Rxc7 Rxc7 28.
Rxc7 Bb5 29. Qa2+ Bc4 30. Qc2 Bxe2 31. Qc5 Qb5 32. Qc2 Bd3 33. Qa2+ Bc4 34. Qa1
Qd5 35. Rc5 Qf3 36. Qc1 Bd5 37. Rxd5 Qxd5 38. Qc7 {White resigns} 0-1

[Event "Team 45 45 League T53"]
[Site "Internet Chess Club"]
[Date "2012.06.11"]
[Round "4"]
[White "irock"]
[Black "eurander"]
[Result "0-1"]
[WhiteElo "1883"]
[BlackElo "2108"]
[Opening "Caro-Kann: Panov-Botvinnik, normal variation"]
[ECO "B13"]
[Time "14:00:20"]
[TimeControl "2700+45"]

1. e4 c6 2. d4 d5 3. exd5 cxd5 4. c4 Nf6 5. Nc3 Nc6 6. Bg5 e6 7. Nf3 Be7 8. a3
O-O 9. Bd3 dxc4 10. Bxc4 h6 11. Be3 a6 12. O-O b5 13. Bb3 Bb7 14. Bc2 Na5 15.
Ne5 Rc8 16. Qd3 Nc4 17. Nxc4 Rxc4 18. Rfe1 Qc7 19. h3 Rd8 20. Bb3 Rc6 21. Rac1
Qd7 22. Rcd1 Rcc8 23. Bf4 Bd6 24. Be5 Bxe5 25. Rxe5 Qc6 26. Qg3 Qc7 27. Qe3 Rd6
28. d5 Nxd5 29. Nxd5 Bxd5 30. Bxd5 Rxd5 31. Rexd5 exd5 32. Rxd5 Qc1+ 33. Qxc1
Rxc1+ 34. Kh2 Rc2 35. Rd8+ Kh7 36. Ra8 Rxf2 37. Rxa6 Rxb2 38. Rb6 Rb3 39. h4 h5
40. g3 f6 41. Rb7 Kg6 42. Kg2 Kf5 43. Rxg7 Rxa3 44. Kh3 Ra6 45. Rb7 Ra5 46. Rb6
Ke5 47. Rb8 f5 48. Rh8 b4 49. Rb8 Ra4 50. Rb5+ Ke4 51. Kg2 Kd3 52. Rxf5 b3 53.
Rf3+ Kc2 54. Rf2+ Kb1 55. Rf5 Kc2 56. Rxh5 Rb4 57. Rf5 b2 58. Rf2+ Kd3 59. Rxb2
Rxb2+ 60. Kf3 Kd4 61. Kf4 Kd5 62. Kf5 Kd6 63. g4 Ke7 64. Kg6 Kf8 65. h5 Kg8 66.
g5 Rb6+ 67. Kf5 Kf7 68. Kg4 Kg7 69. Kf5 Rb5+ 70. Kg4 Rb1 71. Kf5 Rf1+ 72. Kg4
Rh1 73. g6 Kf6 {White resigns} 0-1

[Event "Team 45 45 League T53"]
[Site "Internet Chess Club"]
[Date "2012.06.07"]
[Round "4"]
[White "chess92192"]
[Black "imgr8"]
[Result "0-1"]
[WhiteElo "2016"]
[BlackElo "2131"]
[Opening "English: symmetrical, Benoni formation"]
[ECO "A31"]
[Time "16:10:00"]
[TimeControl "2700+45"]

1. d4 Nf6 2. c4 c5 3. Nf3 cxd4 4. Nxd4 e5 5. Nf3 Nc6 6. g3 d5 7. cxd5 Qxd5 8.
Qxd5 Nxd5 9. Bg2 Ndb4 10. Na3 Be7 11. O-O Be6 12. b3 f6 13. Bb2 Kf7 14. Nb5 Rac8
15. Rfc1 Rhd8 16. a3 Nd5 17. Ne1 a6 18. Nc3 Nb6 19. b4 Nc4 20. Na4 b5 21. Nb6
Nxb6 22. Rxc6 Rxc6 23. Bxc6 Na4 24. Nd3 Bf5 25. Rb1 Bxd3 26. exd3 Rxd3 27. Be4
Nxb2 28. Bxd3 Nxd3 29. Rb3 e4 30. Rc3 Ne5 31. Rc7 Nc4 32. a4 Nb6 33. axb5 axb5
34. Rb7 Nd5 35. Rxb5 Nxb4 36. Rxb4 Bxb4 {White resigns} 0-1

[Event "Team 45 45 League T53"]
[Site "Internet Chess Club"]
[Date "2012.06.07"]
[Round "4"]
[White "ryan2chess"]
[Black "kidviper"]
[Result "0-1"]
[WhiteElo "1808"]
[BlackElo "1953"]
[Opening "Sicilian: accelerated fianchetto, Breyer variation"]
[ECO "B39"]
[Time "12:13:52"]
[TimeControl "2700+45"]

1. e4 c5 2. Nf3 Nc6 3. d4 cxd4 4. Nxd4 g6 5. c4 Bg7 6. Be3 Nf6 7. Nc3 Ng4 8.
Qxg4 Nxd4 9. Qd1 Ne6 10. Qd2 Qa5 11. Be2 Bxc3 12. bxc3 d6 13. O-O Bd7 14. f3 Bc6
15. Rab1 O-O 16. Bh6 Rfc8 17. Rbe1 a6 18. Bd3 b5 19. f4 bxc4 20. Bxc4 Qc5+ 21.
Kh1 Qxc4 22. f5 Nc5 23. f6 Nxe4 24. Qf4 exf6 25. Rf3 f5 26. Ref1 Qe6 27. Re3
Rab8 28. Rfe1 Rb5 29. h3 Rcb8 30. Kh2 Qe5 31. g4 Rb2+ 32. Kg1 Qxf4 33. Bxf4 fxg4
34. Rxe4 Bxe4 35. Rxe4 Rxa2 36. hxg4 Rb1+ {White resigns} 0-1

[Event "Team 45 45 League T53"]
[Site "Internet Chess Club"]
[Date "2012.06.10"]
[Round "4"]
[White "CHESS-CHAMPION"]
[Black "zigzag2002"]
[Result "1-0"]
[WhiteElo "1905"]
[BlackElo "1736"]
[Opening "Sicilian: Labourdonnais-Löwenthal (Kalashnikov) variation"]
[ECO "B32"]
[Time "13:01:31"]
[TimeControl "2700+45"]

1. e4 c5 2. Nf3 Nc6 3. d4 cxd4 4. Nxd4 e5 5. Nb5 d6 6. c4 Be7 7. Be2 Be6 8. N1c3
a6 9. Na3 Nf6 10. Nc2 O-O 11. O-O Rc8 12. Ne3 Na5 13. Qa4 Bd7 14. Qc2 Be6 15. b3
b5 16. cxb5 axb5 17. Bxb5 Nxe4 18. Qxe4 Rxc3 19. Bd2 Rc8 20. Nd5 Bxd5 21. Qxd5
Rc5 22. Qd3 Qb6 23. a4 Rcc8 24. Be3 Qb8 25. b4 Nc6 26. Bxc6 Rxc6 27. b5 Rcc8 28.
a5 f5 29. Qd5+ Kh8 30. f3 Bh4 31. b6 f4 32. Bf2 Bxf2+ 33. Rxf2 Rc5 34. Qb3 Rfc8
35. g3 Rc3 36. Qb1 fxg3 37. hxg3 R8c6 38. Kg2 d5 39. b7 e4 40. Kf1 Rh6 41. Kg2
Rg6 42. Kf1 Rxg3 43. fxe4 Rgf3 44. Ra2 Rh3 45. Qb4 Rcf3 46. Rxf3 Rxf3+ 47. Rf2
dxe4 48. Qxe4 Rxf2+ 49. Kxf2 Qf8+ 50. Ke2 Qb8 51. Kd3 Qd6+ 52. Kc4 Qa6+ 53. Kb4
Qd6+ 54. Kb5 Qd7+ 55. Qc6 Qd3+ 56. Kb6 Qd4+ 57. Ka6 Qd3+ 58. Ka7 Qd4+ 59. Ka8
{Black resigns} 1-0

[Event "Team 45 45 League T53"]
[Site "Internet Chess Club"]
[Date "2012.06.11"]
[Round "4"]
[White "zap2"]
[Black "az2112"]
[Result "0-1"]
[WhiteElo "1832"]
[BlackElo "1720"]
[Opening "Réti: King's Indian attack"]
[ECO "A05"]
[Time "09:00:42"]
[TimeControl "2700+45"]

1. Nf3 Nf6 2. g3 g6 3. Bg2 Bg7 4. O-O O-O 5. d3 d6 6. Nbd2 Nbd7 7. e4 e5 8. a4
a5 9. c3 Nc5 10. Ne1 Be6 11. d4 exd4 12. cxd4 Na6 13. Nb3 Nb4 14. d5 Bd7 15. Nc2
Re8 16. f3 Nxc2 17. Qxc2 c6 18. dxc6 bxc6 19. Be3 d5 20. Nc5 Bc8 21. Rad1 Qe7
22. Rfe1 dxe4 23. fxe4 Ng4 24. Bd4 Ne5 25. Nd3 Nf3+ 26. Bxf3 Bxd4+ 27. Kh1 c5
28. Nf4 Bb7 29. Nd5 Bxd5 30. exd5 Qd7 31. Qg2 Qxa4 32. d6 Rxe1+ 33. Rxe1 Rd8 34.
Bc6 Qb4 35. Qe4 Rxd6 36. Bd5 Rxd5 37. Rf1 Rf5 38. Rd1 Qb3 39. Rd3 Qd5 40. Qxd5
Rxd5 41. Kg2 Rf5 42. b3 Kf8 43. g4 Rf4 44. Kg3 g5 45. Rd2 Re4 46. Ra2 Bc3 47.
Kf3 Rf4+ 48. Kg3 Bb4 49. h4 h6 50. hxg5 hxg5 51. Re2 Rd4 52. Re5 Rd3+ 53. Kf2
Rxb3 54. Rxg5 a4 55. Rh5 a3 56. Rh8+ Kg7 57. Ra8 Rb2+ 58. Ke3 a2 59. Kd3 Rb3+
60. Kc2 Ra3 {White resigns} 0-1

[Event "Team 45 45 League T53"]
[Site "Internet Chess Club"]
[Date "2012.06.10"]
[Round "4"]
[White "powerchess1"]
[Black "randallsr"]
[Result "0-1"]
[WhiteElo "1689"]
[BlackElo "1728"]
[Opening "King's Indian: London system"]
[ECO "A45"]
[Time "10:17:20"]
[TimeControl "2700+45"]

1. d4 Nf6 2. Bf4 g6 3. Nf3 Bg7 4. e3 d6 5. h3 Nbd7 6. Be2 O-O 7. c4 Re8 8. O-O
b6 9. Nc3 Bb7 10. Re1 Rb8 11. Rb1 e5 12. Bh2 exd4 13. exd4 Ne4 14. Rc1 Nxc3 15.
bxc3 a5 16. d5 Nc5 17. Nd4 Qd7 18. Nb5 Re7 19. Bg4 Rxe1+ 20. Qxe1 f5 21. Be2 Re8
22. Rc2 Bxd5 23. cxd5 Qxb5 24. Qd1 Qa4 25. Qb1 Qe4 26. Bf1 Qxd5 27. c4 Qd4 28.
Qb5 Re1 29. Re2 Rxe2 30. Bxe2 Ne4 31. Qe8+ Bf8 32. Qe6+ Kg7 33. Qd7+ Kh8 34. Qe8
Qxf2+ 35. Kh1 Kg7 36. Bf3 Qe1+ 37. Bg1 Ng3+ {White resigns} 0-1